 Dungeon Crawl Stone Soup version 0.31.0-1-g2c135a008e (webtiles) character file.

Game seed: 16219726639520365117

95 qw the Shooter (level 4, -3/35 HPs)
             Began as a Djinni Hunter on Jan 23, 2024.
             Slain by a goblin
             ... wielding a +0 club
             ... led by Robin
              (5 damage)
             ... on level 3 of the Dungeon.
             The game lasted 00:00:07 (1670 turns).

qw the Shooter (Djinni Hunter)                      Turns: 1670, Time: 00:00:07

Health: -3/35      AC: 10    Str: 10    XL:     4   Next: 97%
Gold:   96         EV: 12    Int: 11    God:
                   SH:  0    Dex: 18

rFire   + + .        a - +0 shortbow
rCold   x . .        (shield currently unavailable)
rNeg    . . .        c - +0 leather armour
rPois   inf          (no helmet)
rElec   .            (no cloak)
rCorr   .            f - +2 pair of gloves "Wawai" {SInv}
SInv    +            (boots unavailable)
Will    .....        (no amulet)
Stlth   ++           h - +4 ring of protection
HPRegen 0.25/turn    (no ring)
MPRegen 0.00/turn

%: infuse magic (-4 HP)
@: about to teleport, flying
A: sickness immunity, fire resistance 2, cold vulnerability 1, float, innate
caster, HP casting, extra vitality 1
a: no special abilities


You were on level 3 of the Dungeon.
You visited 1 branch of the dungeon, and saw 3 of its levels.

You collected 96 gold pieces.


Innate Abilities, Weirdness & Mutations

You are immune to sickness and miasma.
You are immune to poison.
Your flesh is very heat resistant. (rF++)
You are vulnerable to cold. (rC-)
You float through the air rather than walking.
You learn spells naturally, not from books.
Your magical power is your life essence.
You have superior vitality. (+4 MHP)


   Skills:
 - Level 3.0 Fighting
 + Level 4.2 Ranged Weapons
 - Level 3.0 Dodging
 - Level 0.7 Stealth


You knew the following spells:

 Your Spells              Type           Power      Damage    Failure   Level
a - Summon Small Mammal   Summ           0%         N/A       43%         1
Your spell library was empty.

Inventory:

Hand Weapons
 a - a +0 shortbow (weapon)
Armour
 c - a +0 leather armour (worn)
 f - the +2 pair of gloves "Wawai" (worn) {SInv}
   (You acquired it on level 1 of the Dungeon)

   SInv:      It lets you see invisible.
Jewellery
 h - a +4 ring of protection (left hand)
 j - a ring of fire
Scrolls
 i - a scroll of revelation {unknown}
Potions
 b - a potion of heal wounds {unknown}
 e - 2 potions of curing {unknown}
 g - 2 potions of attraction {unknown}

Dungeon Overview and Level Annotations

Branches:
Dungeon (3/15)

Altars:

Annotations:
D:3 Robin


Message History

The goblin hits you with a +0 dagger.
The goblin shoots a sling bullet.
The sling bullet hits you.
You hear a shout! x2
You shoot an arrow. The arrow barely misses the goblin.
The goblin hits you with a +0 dagger.
A goblin comes into view. It is wielding a +0 club.
The goblin barely misses you. The hobgoblin misses you.
You shoot an arrow. The arrow hits the hobgoblin.
The hobgoblin is moderately wounded.
A goblin comes into view. It is wielding a +0 dagger.
The hobgoblin barely misses you. The goblin barely misses you.
You shoot an arrow. The arrow hits the hobgoblin.
The hobgoblin is severely wounded.
The hobgoblin hits you but does no damage.
The goblin closely misses you.
You shoot an arrow.
The arrow hits the hobgoblin but does no damage.
The hobgoblin is severely wounded.
The goblin misses you. The hobgoblin barely misses you.
You shoot an arrow. The arrow barely misses the hobgoblin.
The arrow hits the goblin.
You kill the goblin!
The goblin hits you with a +0 dagger. Robin throws the goblin at you!
The hobgoblin closely misses you. The goblin closely misses you.
The goblin hits you with a +0 dagger. The goblin hits you with a +0 club.
The hobgoblin closely misses you.
You shoot an arrow. The arrow closely misses the hobgoblin.
The arrow hits the hobgoblin but does no damage.
The goblin hits you with a +0 dagger. The goblin hits you with a +0 club.
The hobgoblin hits you.
1669 ||| READING scroll of teleportation.
As you read the scroll of teleportation, it crumbles to dust.
You feel strangely unstable. The goblin closely misses you.
The hobgoblin barely misses you. The goblin hits you with a +0 club.
You shoot an arrow. The arrow hits the hobgoblin.
You kill the hobgoblin!
The goblin no longer looks unusually strong.
The goblin completely misses you. The goblin hits you with a +0 club.
You die...

..# #...## Y!. #.# #...#
.$ # ####.###...# ###
#.##......##'## #..
##.#.....#.#..#####.#
#...)....#...........
#........###.##.##...
####.###g#.####.##..#.#.
#.....g@##......##....#.
#.##.##g##########.#..#.


ggg #.#.... ...g. #.#.#.. .....)# #...... ........ ####.#.# ........#. #....#.#
##.......#.. #......# #....### You could see Robin, a hobgoblin (strong) and 5
goblins.

Vanquished Creatures
  An adder (D:2)
  4 ribbon worms
  2 dart slugs
  3 ball pythons (D:1)
  7 endoplasms
  2 giant cockroaches (D:2)
  8 goblins
  10 hobgoblins
  6 jackals
  A quokka (D:2)
  4 bats
  2 frilled lizards
  7 kobolds
  6 rats
63 creatures vanquished.

Notes
Turn   | Place    | Note
-------+----------+-------------------------------------------
     0 | D:1      | qw the Djinni Hunter began the quest for the Orb.
     0 | D:1      | Reached XP level 1. HP: 18/18 MP: 0/0
     0 | D:1      | 0 ||| qw: Version: 0.3-a-135-gb77e89d
     0 | D:1      | 0 ||| qw: Game counter: 795
     0 | D:1      | 0 ||| qw: Melee chars always use a shield: true
     0 | D:1      | 0 ||| qw: God list: Okawaru
     0 | D:1      | 0 ||| qw: Allow faded altars: false
     0 | D:1      | 0 ||| qw: Do Orc after clearing Dungeon:15 true
     0 | D:1      | 0 ||| qw: Do second Lair branch before Depths: true
     0 | D:1      | 0 ||| qw: Lair rune preference: random
     0 | D:1      | 0 ||| qw: Goals: Normal
     0 | D:1      | 0 ||| PLANNING D:1-11
     2 | D:1      | Noticed a felid
     2 | D:1      | Noticed a human
     4 | D:1      | Noticed a vampire
     4 | D:1      | Noticed a gargoyle
     6 | D:1      | Noticed a tengu
     6 | D:1      | Noticed an octopode
    10 | D:1      | Noticed a ghoul
    10 | D:1      | Noticed a demigod
    12 | D:1      | Noticed a djinni
    14 | D:1      | Noticed a troll
    14 | D:1      | Noticed a vine stalker
    16 | D:1      | Noticed an armataur
    16 | D:1      | Noticed a barachi
    18 | D:1      | Noticed a demonspawn
    18 | D:1      | Noticed a naga
    20 | D:1      | Noticed a spriggan
    22 | D:1      | Noticed an elf
    22 | D:1      | Noticed a draconian
    24 | D:1      | Noticed a merfolk
    24 | D:1      | Noticed a minotaur
    26 | D:1      | Noticed a formicid
    26 | D:1      | Noticed an oni
   127 | D:1      | Reached XP level 2. HP: 23/23 MP: 0/0
   216 | D:1      | Reached XP level 3. HP: 23/28 MP: 0/0
   216 | D:1      | Learned a level 1 spell: Summon Small Mammal
   218 | D:1      | Reached skill level 4 in Ranged Weapons
   573 | D:1      | 573 ||| UPGRADING to +4 ring of protection.
   574 | D:1      | 574 ||| READING 2 scrolls labelled POCEBE YS TUFE.
   578 | D:1      | 578 ||| READING scroll labelled YSASUG MOAXA.
   579 | D:1      | 579 ||| READING scroll labelled LUCHER ANIMA.
   579 | D:1      | Identified a scroll of acquirement
   579 | D:1      | 579 ||| ACQUIRING +2 pair of gloves "Wawai" {SInv}
   579 | D:1      | Acquired the +2 pair of gloves "Wawai" {SInv}
   581 | D:1      | 581 ||| UPGRADING to +2 pair of gloves "Wawai" {SInv}.
   586 | D:1      | 586 ||| DROPPING scroll of butterflies.
   726 | D:2      | Reached XP level 4. HP: 34/34 MP: 0/0
   732 | D:2      | Reached skill level 3 in Fighting
  1215 | D:2      | Reached skill level 3 in Dodging
  1468 | D:2      | 1468 ||| READING scroll labelled PUINKY EPSUL.
  1630 | D:3      | Noticed a sky beast
  1657 | D:3      | Noticed Robin
  1668 | D:3      | HP: 6/35 [goblin/+0 club[Robin] (3)]
  1669 | D:3      | 1669 ||| READING scroll of teleportation.
  1669 | D:3      | HP: 2/35 [goblin/+0 club[Robin] (3)]
  1670 | D:3      | Slain by a goblin

Levels and vault maps discovered:
D:1:      kb_arrival_jail, layout_rooms
D:2:      layout_basic
D:3:      layout_loops_cross, nicolae_overflow_ecumenical_swirl,
          minmay_misc_feat_columns, grunt_ministairs_5, lightli_corner_chamber,
          uniq_robin, uniq_pargi

Skill      XL: |  1  2  3  4 |
---------------+-------------+-----
Ranged Weapons | 4 |  4.2
Fighting       | 3 |  3.0
Dodging        | 3 |  3.0
Stealth        | |  0.7

Action                     |  1- 3 |  4- 6 || total
---------------------------+-------+-------++-------
   Fire: Shortbow          |    91 |    79 ||   170
    Use: Scroll            |     3 |     2 ||     5
 Armour: Leather armour    |    24 |    25 ||    49
  Dodge: Dodged            |    36 |    34 ||    70

Table legend:
 A = Non-vault XP
 B = Vault XP
 C = Vault XP percentage of total XP
 D = Non-vault monster count
 E = Vault monster count
 F = Vault count percentage of total count
                 A         B        C        D         E       F
            +---------+---------+-------+---------+---------+-------
      Total |     119 |      20 |  14.4 |      53 |      10 |  15.9
            +---------+---------+-------+---------+---------+-------
        D:1 |      54 |       0 |   0.0 |      30 |       0 |   0.0
        D:2 |      56 |       0 |   0.0 |      19 |       0 |   0.0
        D:3 |       9 |      20 |  69.0 |       4 |      10 |  71.4
            +---------+---------+-------+---------+---------+-------
